 Dungeon Crawl Stone Soup version 0.30.0 (webtiles) character file.

Game seed: 8236935382213305579

6822 workbot the Severer (level 10, -2/77 HPs)
             Began as a Green Draconian Berserker on May 6, 2023.
             Was an Elder of Trog.
             Slain by a troll (11 damage)
             ... on level 9 of the Dungeon.
             The game lasted 00:26:44 (7520 turns).

workbot the Severer (Green Draconian Berserker)     Turns: 7520, Time: 00:26:45

Health: -2/77      AC: 12    Str: 22    XL:     10   Next: 77%
Magic:  10/10      EV: 12    Int: 12    God:    Trog [****..]
Gold:   1283       SH:  0    Dex: 10    Spells: 9/9 levels left

rFire   + . .        y - +0 broad axe
rCold   . . .        (no shield)
rNeg    . . .        (body armour unavailable)
rPois   +            (helmet restricted)
rElec   .            h - +2 cloak
rCorr   .            n - +0 pair of gloves
SInv    +            z - +0 pair of boots {Fly}
Will    +....        i - amulet of regeneration
Stlth   +            e - ring of protection from fire
HPRegen 1.12/turn    s - ring of willpower
MPRegen 0.12/turn

%: clarity
@: about to teleport, flying
A: breathe noxious fumes, AC +7, unfitting armour, poison resistance,
cold-blooded, see invisible, clarity, clever 1
a: Breathe Noxious Fumes, Renounce Religion, Berserk, Trog's Hand, Brothers in
Arms


You were on level 9 of the Dungeon.
You worshipped Trog.
Trog was greatly pleased with you.
You visited 1 branch of the dungeon, and saw 9 of its levels.
You also visited: Sewer and Bailey.

You collected 1283 gold pieces.

Inventory:

Hand Weapons
 t - a +3 hand axe of flaming
 y - a +0 broad axe (weapon)
Armour
 h - a +2 cloak (worn)
 n - a +0 pair of gloves (worn)
 z - a +0 pair of boots of flying (worn)
Jewellery
 e - a ring of protection from fire (left hand)
 g - a ring of resist corrosion
 i - an amulet of regeneration (around neck)
 s - a ring of willpower (right hand)
 x - a ring of protection from fire
Wands
 b - a wand of flame (17)
 f - a wand of digging (6)
 j - a wand of mindburst (17)
 o - a wand of charming (7)
Scrolls
 a - a scroll of poison
 k - 2 scrolls of blinking
 l - a scroll of identify
 r - a scroll of enchant armour
 u - a scroll of enchant weapon
 v - a scroll of teleportation
Potions
 p - 2 potions of lignification
 q - 3 potions of flight
 w - 2 potions of curing


   Skills:
 - Level 3.2 Fighting
 * Level 16.4 Axes
 - Level 2.6 Dodging


You had 9 spell levels left.
You didn't know any spells.
Your spell library contained the following spells:

 Spells                   Type           Power      Damage    Failure   Level
 Kiss of Death            Conj/Necr      0%         2d5       32%         1
 Summon Small Mammal      Summ           0%         N/A       32%         1
 Call Canine Familiar     Summ           0%         N/A       69%         3
 Confusing Touch          Hex            0%         N/A       69%         3
 Inner Flame              Hex/Fire       0%         N/A       69%         3
 Summon Guardian Golem    Hex/Summ       0%         N/A       69%         3
 Dispel Undead            Necr           0%         3d6       97%         4
 Flame Wave               Conj/Fire      0%         2d4       97%         4
 Sticky Flame             Conj/Fire      0%         2d3       97%         4


Dungeon Overview and Level Annotations

Branches:
Dungeon (9/15)             Temple (0/1) D:6           Sewer (visited)
 Bailey (visited)
   Lair: D:8-11         Orc: D:9-12

Altars:
Ashenzari
Kikubaaqudgha
Sif Muna
Yredelemnul

Annotations:
D:2 1 runed translucent door, Crazy Yiuf
D:9 Maggie


Innate Abilities, Weirdness & Mutations

You can breathe blasts of noxious fumes.
Your lurid green scales are hard. (AC +7)
You cannot fit into any form of body armour.
Your system is resistant to poisons. (rPois)
You are cold-blooded and may be slowed by cold attacks.
You have supernaturally acute eyesight. (SInv)
You possess an exceptional clarity of mind.
Your mind is acute. (Int +4, Str/Dex -1)


Message History

You slash the yak! You tail-slap the yak.
The yak is moderately wounded.
You hit the yak but do no damage.
The yak is moderately wounded.
The yak gores you.
You hit the yak but do no damage.
Your tail-slap misses the yak.
The yak is moderately wounded.
You slash the troll! The yak gores you but does no damage.
The troll bites you but does no damage. The troll misses you.
The troll closely misses you.
You closely miss the yak.
The yak is moderately wounded.
You slash the troll! The yak gores you.
You slash the yak!
The yak is severely wounded.
You hit the troll but do no damage. You slash the troll! The yak gores you.
The troll barely misses you. The troll claws you but does no damage.
The troll claws you! The troll misses you. The troll barely misses you.
The troll claws you!
As you read the scroll of fog, it crumbles to dust.
The scroll dissolves into smoke.
The troll bites you. The troll claws you! x2
* * * LOW HITPOINT WARNING * * *
The yak barely misses you. The troll barely misses you.
The troll closely misses you. x2
As you read the scroll of teleportation, it crumbles to dust.
You feel strangely unstable. The yak barely misses you.
The troll barely misses you. The troll claws you but does no damage.
The troll barely misses you. The troll bites you!
* * * LOW HITPOINT WARNING * * *
The troll closely misses you. The troll claws you.
* * * LOW HITPOINT WARNING * * *
You feel much better. The troll bites you.
* * * LOW HITPOINT WARNING * * *
The troll claws you but does no damage. The troll closely misses you.
The yak gores you but does no damage. The troll bites you.
* * * LOW HITPOINT WARNING * * *
The troll claws you!
* * * LOW HITPOINT WARNING * * *
The troll claws you!
You die...

..# #..#.######.#.# #.### #.#
#..#.# #.#.##### #....
#.###..#.######.#.....# #####
#......#.........####.#
######.########..# #.# ######.#
#..# #.# .......# #§§# #.#
######## #§§# #.#
#...###########T@# #.#
#.....<.......§TY# #.#
......##########T# ##)#########
...............@T# #..........#
.......#######..###..########.#
...)................# #.#
..........T.........# #.#
........)...........# #.#
.......T.@..........# #.#


You could see a yak and 3 trolls.

Vanquished Creatures
  A two-headed ogre (D:8)
  A cyclops (D:8)
  A troll (D:6)
  2 hornets (D:8)
  7 yaks (D:9)
  A wyvern (D:8)
  A steam dragon (D:6)
  5 ice beasts
  7 orc warriors
  A sky beast (D:6)
  An ogre (D:4)
  A centaur (D:7)
  A phantom (D:5)
  A kobold brigand (D:7)
  5 bullfrogs
  2 scorpions
  7 wights (D:7)
  6 killer bees (D:9)
  A howler monkey (D:6)
  3 jellies
  2 orc priests
  3 hounds
  A sleepcap (D:7)
  Ijyb (D:3)
  11 orc wizards
  3 iguanas
  The ghost of esper6 the Sneak, a weakling AtDe (D:4)
  10 adders
  2 gnolls (Bailey)
  A shadow imp (D:7)
  A white imp (D:6)
  An ufetubus (D:6)
  A worm (D:2)
  2 dart slugs
  27 orcs
  12 bats
  14 endoplasms
  14 giant cockroaches
  11 goblins
  13 hobgoblins
  5 jackals
  5 quokkas
  9 ball pythons
  17 frilled lizards
  23 kobolds
  4 rats
249 creatures vanquished.

Vanquished Creatures (collateral kills)
  Pikel (D:9)
  A lemure (D:9)
2 creatures vanquished.

Vanquished Creatures (others)
  3 plants (D:5)
3 creatures vanquished.

Grand Total: 254 creatures vanquished

Notes
Turn   | Place    | Note
-------+----------+-------------------------------------------
     0 | D:1      | workbot the Draconian Berserker began the quest for the
                  | Orb.
     0 | D:1      | Reached XP level 1. HP: 19/19 MP: 1/1
   190 | D:1      | Reached XP level 2. HP: 26/26 MP: 2/2
   556 | D:1      | Reached skill level 4 in Axes
   747 | D:2      | Reached XP level 3. HP: 31/31 MP: 3/3
  1043 | D:2      | Reached XP level 4. HP: 32/38 MP: 4/4
  1191 | D:2      | Found a runed translucent door.
  1192 | D:2      | Noticed Crazy Yiuf
  1439 | D:3      | Found a glowing drain.
  1452 | D:3      | Reached skill level 5 in Axes
  1455 | Sewer    | Entered a sewer
  1510 | Sewer    | Reached ** piety under Trog
  1843 | Sewer    | Noticed a bullfrog
  1843 | Sewer    | Noticed a bullfrog
  1852 | Sewer    | Killed a bullfrog
  1853 | Sewer    | Reached skill level 6 in Axes
  1853 | Sewer    | Reached XP level 5. HP: 32/45 MP: 5/5
  2140 | D:3      | Reached XP level 6. HP: 51/51 MP: 6/6
  2290 | D:3      | Reached *** piety under Trog
  2493 | D:3      | Noticed Ijyb
  2503 | D:3      | Killed Ijyb
  2504 | D:3      | Reached skill level 7 in Axes
  2563 | D:3      | Gained mutation: You have sharp fingernails. [potion of
                  | mutation]
  2563 | D:3      | Gained mutation: You are robust. (+10% HP) [potion of
                  | mutation]
  2563 | D:3      | Gained mutation: You have a pair of small antennae on your
                  | head. [potion of mutation]
  2702 | D:3      | Lost mutation: You have a pair of small antennae on your
                  | head. [potion of mutation]
  2702 | D:3      | Lost mutation: You are robust. (+10% HP) [potion of
                  | mutation]
  2702 | D:3      | Lost mutation: You have sharp fingernails. [potion of
                  | mutation]
  2702 | D:3      | Gained mutation: Your mind is acute. (Int +4, Str/Dex -1)
                  | [potion of mutation]
  2702 | D:3      | Gained mutation: You have supernaturally acute eyesight.
                  | (SInv) [potion of mutation]
  2702 | D:3      | Gained mutation: You possess an exceptional clarity of
                  | mind. [potion of mutation]
  2744 | D:4      | Noticed esper6's ghost (weakling AtDe)
  2744 | D:4      | Found a runed translucent door.
  2873 | D:4      | Found a broken altar of Ashenzari.
  3183 | D:4      | Killed esper6's ghost
  3219 | D:4      | Noticed an ice beast
  3226 | D:4      | Killed an ice beast
  3227 | D:4      | Reached skill level 8 in Axes
  3227 | D:4      | Your scales start taking on a lurid green colour.
  3227 | D:4      | Reached XP level 7. HP: 57/57 MP: 7/7
  3227 | D:4      | Gained mutation: Your system is resistant to poisons.
                  | (rPois) [Green Draconian growth]
  3550 | D:5      | Entered Level 5 of the Dungeon
  3563 | D:5      | Reached skill level 9 in Axes
  3854 | D:5      | Reached XP level 8. HP: 52/63 MP: 8/8
  4184 | D:5      | Reached skill level 10 in Axes
  4740 | D:6      | Noticed a troll
  4752 | D:6      | Killed a troll
  4753 | D:6      | Reached skill level 11 in Axes
  4790 | D:6      | Found a staircase to the Ecumenical Temple.
  5052 | D:6      | Found the +18 Lear's hauberk
  5142 | D:7      | Identified a scroll of acquirement
  5142 | D:7      | Acquired 661 gold pieces
  5207 | D:7      | Reached skill level 12 in Axes
  5214 | D:7      | Reached XP level 9. HP: 66/69 MP: 9/9
  5287 | D:7      | Found a flagged portal.
  5357 | Bailey   | Entered a bailey
  5391 | Bailey   | Reached **** piety under Trog
  5422 | Bailey   | Identified the +8 rapier "Impslayer" {freeze, Drain rCorr
                  | Dex+5 SInv}
  5520 | Bailey   | Reached skill level 13 in Axes
  5576 | Bailey   | Identified the +6 chain mail of the Bard {Dex+4}
  6254 | D:8      | Reached skill level 14 in Axes
  6325 | D:8      | Found an ancient bone altar of Kikubaaqudgha.
  6445 | D:8      | Reached ***** piety under Trog
  6447 | D:8      | Noticed a two-headed ogre
  6453 | D:8      | Killed a two-headed ogre
  6454 | D:8      | Reached XP level 10. HP: 77/77 MP: 10/10
  6548 | D:8      | Found a shimmering blue altar of Sif Muna.
  6548 | D:8      | Found a basalt altar of Yredelemnul.
  6602 | D:8      | Noticed a cyclops
  6611 | D:8      | Killed a cyclops
  6612 | D:8      | Reached skill level 15 in Axes
  7175 | D:9      | Reached skill level 16 in Axes
  7211 | D:9      | Noticed Pikel
  7224 | D:9      | Killed Pikel
  7338 | D:9      | Identified the +5 ring mail of the Heron {Will+ Str-4 Int+3
                  | Dex+3}
  7497 | D:9      | Noticed Maggie
  7520 | D:9      | Slain by a troll

Illustrated notes

Levels and vault maps discovered:
D:1:      roderic_octagonal_star, layout_basic, hangedman_decor_lopped
D:2:      layout_rooms, uniq_crazy_yiuf_cottage
D:3:      kennysheep_goblin_castle, layout_loops_ring,
          cheibrodos_sewer_entry_drain
D:4:      layout_loops_ring, lemuel_tele_altar, hellmonk_ghost_happy_afterlife,
          chequers_arboretum
D:5:      corexii_shack_village, layout_loops_corners, st_stairs_12
D:6:      layout_rooms, minmay_temple_entry_water_ring,
          hellmonk_guarded_unrand_lears
D:7:      layout_loops_ring, enter_bailey_8
D:8:      layout_loops_ring, kennysheep_mini_moat,
          gammafunk_temple_overflow_wave
D:9:      lemuel_troll_bridge, layout_loops_ring, lemuel_round_altar,
          uniq_maggie, uniq_pikel

Skill      XL: |  1  2  3  4  5  6  7  8  9 10 |
---------------+-------------------------------+-----
Axes           | 4 6 8 9 12 14 16 | 16.4
Fighting       | |  3.2
Dodging        | |  2.6

Action                     |  1- 3 |  4- 6 |  7- 9 | 10-12 || total
---------------------------+-------+-------+-------+-------++-------
  Melee: Hand axe          |    82 |   261 |   123 |       ||   466
         Tailslap          |     4 |    29 |    43 |    21 ||    97
         Punch             |       |     2 |     2 |     3 ||     7
         War axe           |       |       |   176 |       ||   176
         Broad axe         |       |       |    86 |   130 ||   216
 Invoke: Berserk           |     3 |     5 |     5 |       ||    13
         Trog's Hand       |       |     1 |       |     1 ||     2
         Brothers in Arms  |       |       |       |     1 ||     1
Ability: Breathe Noxious F |       |       |     2 |     2 ||     4
  Evoke: Wand              |       |     1 |     4 |     3 ||     8
    Use: Scroll            |     3 |     8 |     8 |     7 ||    26
         Potion            |       |     2 |     5 |     3 ||    10
   Stab: Sleeping          |     2 |     2 |       |       ||     4
         Confused          |       |       |     1 |     3 ||     4
 Armour: Skin              |    31 |   114 |   114 |    56 ||   315
  Dodge: Dodged            |    59 |   154 |   196 |    88 ||   497
